Map: Blackburn LE

Players

ViBE - Winner!

  • Race: Protoss Protoss
  • League: Diamond

llllllllllll

  • Race: Terran Terran
  • League: Master

VOD

Have the link to the VOD?

Description

Time

  • Played on: April 27, 2021, 10:15 p.m.
  • Length: 5:11
Show
View Real Time Build Order
Export as new Build Order

ViBE Protoss - Winner!

Build Orders: 1 Gate Expand 

Get SALT Encoding   

  12  0:01  Probe  
  13  0:13  Probe  
  14  0:18  Pylon  
  14  0:25  Probe  
  15  0:39  Gateway, Probe  
  16  0:43  Assimilator  
  16  0:54  Probe (Chrono Boost)  
  18  1:06  Probe (Chrono Boost)  
  18  1:11  Probe (Chrono Boost)  
  19  1:22  Probe  
  20  1:28  Nexus  
  20  1:34  Cybernetics Core  
  20  1:37  Probe  
  21  1:44  Assimilator  
  21  1:50  Probe  
  21  1:52  Pylon  
  22  2:02  Probe  
  23  2:09  Stalker (Chrono Boost)  
  23  2:13  Warp Gate  
  23  2:14  Probe  
  26  2:21  Pylon  
  26  2:26  Probe  
  27  2:32  Sentry  
  29  2:38  Probe (Chrono Boost)  
  29  2:42  Shield Battery  
  29  2:44  Probe (Chrono Boost)  
  31  2:50  Probe (Chrono Boost)  
  32  2:53  Probe (Chrono Boost)  
  32  2:55  Probe (Chrono Boost)  
  32  2:56  Robotics Facility  
  34  2:58  Probe (Chrono Boost)  
  34  3:01  Stalker  
  37  3:09  Gateway  
  37  3:14  Probe x2  
  39  3:23  Pylon  
  39  3:26  Probe x2  
  41  3:38  Probe x2  
  43  3:44  Pylon  
  43  3:50  Probe x2  
  42  4:02  Probe  
  32  4:03  Probe  
  32  4:04  Stalker x2  
  32  4:08  Immortal  
  34  4:23  Probe  
  34  4:37  Probe x2  
  36  4:40  Stalker  
  36  4:44  Stalker  
  40  4:53  Probe x2  
  42  5:07  Pylon  
Show
View Real Time Build Order
Export as new Build Order

llllllllllll Terran 

Build Orders:  

Get SALT Encoding   

  12  0:00  SCV  
  13  0:12  SCV  
  14  0:17  Supply Depot  
  14  0:24  SCV  
  15  0:39  SCV  
  15  0:41  Barracks  
  16  0:49  Barracks  
  16  1:01  Supply Depot  
  16  1:14  Barracks  
  16  1:22  Barracks  
  16  1:27  Marine  
  17  1:36  Marine  
  18  1:43  Orbital Command  
  18  1:47  Marine  
  19  1:54  Marine  
  20  2:01  Marine  
  20  2:05  Marine  
  22  2:08  Marine  
  22  2:13  Marine  
  22  2:14  Supply Depot  
  24  2:21  Marine  
  25  2:23  Marine  
  25  2:26  Marine  
  27  2:34  Marine  
  28  2:39  Supply Depot, Marine  
  28  2:41  Marine  
  30  2:44  Marine  
  31  2:52  Marine  
  31  2:56  Marine  
  33  2:59  Marine  
  33  3:02  Marine  
  35  3:10  Marine  
  36  3:14  Marine  
  36  3:16  Marine  
  38  3:20  Supply Depot, Marine  
  39  3:28  Marine  
  39  3:32  Marine  
  41  3:34  Marine  
  41  3:37  Marine  
  43  3:46  Marine  
  44  3:50  Marine  
  28  4:19  Marine x4  
  19  4:37  Marine x3  
  20  4:42  Marine  
Tags
 
Add a new tag
Caveats
  • Supply blocks, unpowered buildings, or Contaminate may cause inaccurate times.
  • Supply counts are checked every 10 seconds.